 Dungeon Crawl Stone Soup version 0.26.0-10-g1f06aea511 (webtiles) character file.

Game seed: 13924534007185614666

53 inc the Scratcher (level 3, -1/14 HPs)
             Began as a Felid Enchanter on Jan 30, 2021.
             Slain by a gnoll
             ... wielding a +0 spear
              (9 damage)
             ... on level 2 of the Dungeon.
             The game lasted 00:02:05 (2065 turns).

inc the Scratcher (Felid Enchanter)                 Turns: 2065, Time: 00:02:05

Health: -1/14      AC:  1    Str:  4    XL:     3   Next: 64%
Magic:  1/7        EV: 18    Int: 16    God:
Gold:   63         SH:  0    Dex: 17    Spells: 3/6 levels left
                                        Lives:  0   Deaths: 1

rFire    . . .     SeeInvis +     - Unarmed
rCold    . . .     Faith    .   (shield unavailable)
rNeg     . . .     Spirit   .   (armour unavailable)
rPois    .         Reflect  .   (helmet unavailable)
rElec    .         Harm     .   (cloak unavailable)
rCorr    .         Rampage  .   (gloves unavailable)
Will     .....                  (boots unavailable)
Stlth    +++.......             (no amulet)
HPRegen  0.04/turn              (no ring)
MPRegen  0.10/turn              (no ring)

@: quick
A: very small, no armour, no weapons or thrown items, stealth, claws 1, fangs 3,
see invisible, speed 1, shaggy fur 1, sharp paws
a: no special abilities


You were on level 2 of the Dungeon.
You visited 1 branch of the dungeon, and saw 2 of its levels.

You collected 63 gold pieces.

Inventory:

Scrolls
 a - 3 scrolls of remove curse {unknown}
 b - 3 scrolls of amnesia {unknown}
Potions
 c - a potion of degeneration {unknown}
 d - 2 potions of curing {unknown}


   Skills:
 - Level 2.6 Dodging
 - Level 4.0 Stealth
 + Level 4.5 Unarmed Combat
 - Level 2.0 Spellcasting
 - Level 4.4 Hexes


You had 3 spell levels left.
You knew the following spells:

 Your Spells              Type           Power        Failure   Level
a - Corona                Hex            16%          3%          1
b - Ensorcelled Hibernat  Hex/Ice        16%          13%         2

Your spell library contained the following spells:

 Spells                   Type           Power        Failure   Level
 Confusing Touch          Hex            15%          11%         3
 Tukima's Dance           Hex            15%          11%         3
 Dazzling Flash           Conj/Hex       16%          26%         3


Dungeon Overview and Level Annotations

Branches:
Dungeon (2/15)

Altars:
Cheibriados

Annotations:
D:2 Robin


Innate Abilities, Weirdness & Mutations

You cannot wear armour.
You are incapable of wielding weapons or throwing items.
Your paws allow you to move quietly. (Stealth)
You have sharp claws.
You have razor-sharp teeth.
You have supernaturally acute eyesight. (SInv)
You cover ground quickly.
You are covered in fur. (AC +1)
Your sharp claws are effective at attacking unaware monsters.


Message History

No target in view!
A gnoll is nearby!
A gnoll is nearby!
You start resting.
A gnoll is nearby!
The gnoll closely misses you.
Casting: Ensorcelled Hibernation (safe; 13% risk of failure)
Confirm with . or Enter, or press ? or * to list all spells.
Aiming: Ensorcelled Hibernation (safe; 13% risk of failure)
Press: ? - help, Shift-Dir - straight line, f - gnoll
Aim: a gnoll, wielding a +0 spear (chance to affect: 49%)
The gnoll resists with some effort.
The gnoll misses you. The gnoll hits you with a +0 spear.
Casting: Ensorcelled Hibernation (safe; 13% risk of failure)
Confirm with . or Enter, or press ? or * to list all spells.
You don't have enough magic to cast that spell.
A gnoll is nearby!
The gnoll hits you from afar with a +0 spear!
Ouch! That really hurt!
You die...

.g #.............##.#
.## ..
#..............#.##$..##
##
#.#######..........._...
#.# #######..##...## #..
#.)# .## #..###.###.#
##g.........#
####.####.......###
#.......@.#.##..#
#.##.####...# .##
##.....# #######


You could see a gnoll.

Vanquished Creatures
  Natasha (twice) (D:2)
  2 gnolls (D:1)
  A worm (D:2)
  3 dart slugs (D:1)
  3 leopard geckos
  A giant cockroach (D:2)
  7 goblins
  2 hobgoblins
  4 jackals (D:1)
  2 bats (D:1)
  2 frilled lizards (D:1)
  A kobold (D:1)
30 creatures vanquished.

Notes
Turn   | Place    | Note
-------+----------+-------------------------------------------
     0 | D:1      | inc the Felid Enchanter began the quest for the Orb.
     0 | D:1      | Reached XP level 1. HP: 7/7 MP: 4/4
   100 | D:1      | Reached XP level 2. HP: 11/11 MP: 6/6
   765 | D:1      | Learned a level 2 spell: Ensorcelled Hibernation
  1418 | D:2      | Reached XP level 3. HP: 14/14 MP: 3/7
  1497 | D:2      | Noticed Natasha
  1501 | D:2      | Killed Natasha
  1508 | D:2      | Noticed Natasha
  1566 | D:2      | Killed Natasha
  1567 | D:2      | Reached XP level 4. HP: 18/18 MP: 3/8
  1659 | D:2      | Noticed Robin
  2009 | D:2      | Slain by a gnoll
  2010 | D:2      | Reached XP level 3. HP: -1/14 MP: 0/7
  2010 | D:2      | Found a snail-covered altar of Cheibriados.
  2065 | D:2      | Slain by a gnoll

Illustrated notes

Levels and vault maps discovered:
D:1:      dpeg_arrival_orchard, layout_basic
D:2:      layout_loops_cross, lemuel_crystal_altar,
          nicolae_overflow_crystal_walls, minmay_ruptured, uniq_natasha,
          uniq_robin

Skill      XL: |  1  2  3 |
---------------+----------+-----
Unarmed Combat | 2 3 4 |  4.5
Dodging        | |  2.6
Stealth        | |  4.0
Spellcasting   | |  2.0
Hexes          | |  4.4

Action                   |  1- 3 |  4- 6 || total
-------------------------+-------+-------++-------
Melee: Unarmed           |    68 |    12 ||    80
       Bite              |     6 |       ||     6
 Cast: Ensorcelled Hiber |    10 |     9 ||    19
 Stab: Sleeping          |    17 |     6 ||    23
Armor: Skin              |     8 |       ||     8
Dodge: Dodged            |    53 |    21 ||    74
